 Dungeon Crawl Stone Soup version 0.18.1-2-ga659475 (webtiles) character file.

197 oplop the Sneak (level 5, 0/42 HPs)
             Began as a Vine Stalker Assassin on May 8, 2016.
             Succumbed to a gnoll's poison
             ... on level 3 of the Dungeon.
             The game lasted 00:03:59 (1835 turns).

oplop the Sneak (Vine Stalker Assassin)             Turns: 1835, Time: 00:03:59

Health: 0/42       AC: 22    Str: 18    XL:     5   Next: 75%
Magic:  2/6        EV:  2    Int: 11    God:
Gold:   181        SH:  0    Dex: 17    Spells: 0 memorised, 4 levels left

rFire  . . .     SeeInvis .     (no weapon)
rCold  . . .     Gourm    .     (armour currently unavailable)
rNeg   + + +     Faith    .     (no shield)
rPois  +         Spirit   +     (helmet currently unavailable)
rElec  .         Dismiss  .     (cloak currently unavailable)
rCorr  .         Reflect  .     (gloves currently unavailable)
SustAt .         Harm     .     (boots currently unavailable)
MR     .....     NoTele   +     (no amulet)
Stlth  +++++.....               (no ring)
                                (no ring)

@: mighty, lethally poisoned (0 -> -9), tree-form, not resistant to hostile
enchantments, quite stealthy
A: (fangs 0), regeneration 1, magic shield, (antimagic bite), no device heal 3,
rot immunity
a: no special abilities


You were on level 3 of the Dungeon.
You were not hungry.
You were a tree.
You visited 1 branch of the dungeon, and saw 3 of its levels.

You collected 181 gold pieces.

Inventory:

Hand Weapons
 a - a +2 dagger
 b - a +0 blowgun
Missiles
 e - 4 poisoned needles
 f - 2 curare-tipped needles
Armour
 c - a +0 robe (melded)
 d - a +0 cloak (melded)
 h - a cursed +0 helmet (melded)
Scrolls
 i - a scroll of recharging {unknown}
 j - 2 scrolls of remove curse {unknown}
 k - a scroll of amnesia {unknown}
 l - 2 scrolls of identify {unknown}
 n - 2 scrolls of noise {unknown}
 p - a scroll of teleportation {unknown}
 q - a scroll of fog {unknown}
Potions
 m - 2 potions of lignification
Comestibles
 g - a bread ration
 o - 5 fruits
 s - 2 chunks of flesh


   Skills:
 + Level 3.3 Fighting
 + Level 3.2 Short Blades
 - Level 1.7 Throwing
 - Level 0.7 Dodging
 + Level 6.3 Stealth


You had 4 spell levels left.
You didn't know any spells.

Dungeon Overview and Level Annotations

Branches:
Dungeon (3/15)

Altars:
Okawaru


Innate Abilities, Weirdness & Mutations

((You have extremely sharp teeth.))
Your natural rate of healing is unusually fast.
When hurt, damage is shared between your health and your magic reserves.
((Your bite disrupts and absorbs the magic of your enemies.))
Potions and wands cannot restore your health.
You are immune to rotting.


Message History

You feel sick. The gnoll hits you but does no damage.
Unknown command.
You hit the gnoll.
You kill the gnoll!
* * * LOW HITPOINT WARNING * * *
You feel sick.
You pummel the gnoll!!
You kill the gnoll!
* * * LOW HITPOINT WARNING * * *
You feel sick.
The orc throws a tomahawk.
The tomahawk hits you but does no damage.
You cannot move.
You cannot move.
You cannot move.
* * * LOW HITPOINT WARNING * * *
You feel sick.
The orc throws a tomahawk.
The tomahawk hits you but does no damage.
You cannot move.
You cannot move.
You die...

....... #.....#
####.....### .......
#..........##..:.....
#.........K..........
#..........# ........
#...<.# ##........
##..†####.........
##.)♣))#..........
#....###o..#.........
#..........<....Ko...
#..%##.(####...(......
......... ..(........
........ ###.(.......
.......# #<..(......
....... #..........
... #..........


You could see an orc.

Vanquished Creatures
  Terence (D:2)
  Robin (D:2)
  4 gnolls (D:3)
  5 adders (D:2)
  An ooze (D:2)
  A worm (D:2)
  A dart slug (D:2)
  3 giant geckos
  An orc (D:2)
  A giant cockroach (D:2)
  14 goblins
  5 hobgoblins
  3 jackals (D:2)
  A quokka (D:2)
  6 bats
  4 giant newts
  10 kobolds
  5 rats
67 creatures vanquished.

Notes
Turn   | Place    | Note
--------------------------------------------------------------
     0 | D:1      | oplop the Vine Stalker Assassin began the quest for the Orb.
     0 | D:1      | Reached XP level 1. HP: 11/11 MP: 2/2
    79 | D:1      | Reached skill level 5 in Stealth
   118 | D:1      | Reached XP level 2. HP: 8/15 MP: 1/3
   596 | D:2      | Noticed Robin
   649 | D:2      | Reached XP level 3. HP: 13/18 MP: 4/4
   751 | D:2      | Killed Robin
   751 | D:2      | Reached XP level 4. HP: 15/23 MP: 3/5
  1009 | D:2      | Found an iron altar of Okawaru.
  1188 | D:2      | Reached skill level 6 in Stealth
  1299 | D:2      | Reached XP level 5. HP: 28/28 MP: 6/6
  1583 | D:3      | Noticed Terence
  1713 | D:2      | Killed Terence
  1833 | D:3      | HP: 2/42 [poisoned by a gnoll]
  1835 | D:3      | Succumbed to a gnoll's poison

Skill      XL: |  1  2  3  4  5 |
---------------+----------------+-----
Stealth        | 5 6 |  6.3
Short Blades   | 2 3 |  3.2
Fighting       | 2 3 |  3.3
Throwing       | |  1.7
Dodging        | |  0.7

Action                   |  1- 3 |  4- 6 || total
-------------------------+-------+-------++-------
Melee: Dagger            |   106 |   116 ||   222
       Bite              |    24 |    27 ||    51
       Unarmed           |       |     7 ||     7
 Fire: Blowgun           |       |    11 ||    11
  Use: Potion            |     1 |     3 ||     4
 Stab: Sleeping          |     4 |     7 ||    11
       Distracted        |       |     1 ||     1
  Eat: Chunk             |       |     3 ||     3
Armor: Robe              |    22 |    22 ||    44
       Skin              |    26 |    17 ||    43
Dodge: Dodged            |    50 |    66 ||   116
